 Dungeon Crawl Stone Soup version 0.31.0-12-g77e489cdc1 (webtiles) character file.

Game seed: 5506362440682992991

18428 Ijustatesigmund the Geomancer (level 12, -10/70 HPs)
             Began as a Gargoyle Earth Elementalist on Feb 22, 2024.
             Was an Elder of Vehumet.
             Mangled by an orc knight
             ... wielding a +2 heavy battleaxe
              (30 damage)
             ... on level 11 of the Dungeon.
             The game lasted 00:36:54 (15741 turns).

Ijustatesigmund the Geomancer (GrEE)               Turns: 15741, Time: 00:36:58

Health: -10/70     AC: 26    Str: 12    XL:     12   Next: 58%
Magic:  1/22       EV: 12    Int: 21    God:    Vehumet [****..]
Gold:   811        SH:  0    Dex: 10    Spells: 7/25 levels left

rFire   . . .        e - +3 morningstar
rCold   + . .        (no shield)
rNeg    + . .        E - +0 acid dragon scales
rPois   ∞            m - +2 helmet
rElec   +            I - +0 cloak
rCorr   +            u - +2 pair of gloves "Gohionge" {Fly rCorr}
SInv    .            d - +1 pair of boots
Will    .....        (no amulet)
Stlth   +            x - ring of protection from cold
HPRegen 0.31/turn    (no ring)
MPRegen 0.18/turn

%: no passive effects
@: freezing walls, flying
A: sickness immunity, AC +8, negative energy resistance 1, electricity
resistance, torment resistance 1, petrification resistance
a: Renounce Religion


You were on level 11 of the Dungeon.
You worshipped Vehumet.
Vehumet was greatly pleased with you.
You visited 2 branches of the dungeon, and saw 12 of its levels.
You also visited: Bailey.

You collected 811 gold pieces.

Inventory:

Hand Weapons
 e - a +3 morningstar (weapon)
 p - the +11 rapier of the Manifold Orbs {flame, rPois rC- Str+5}
   (You found it on level 2 of the Dungeon)

   Str+5:     It affects your strength (+5).
   rC-:       It makes you vulnerable to cold.
   rPois:     It protects you from poison
Missiles
 j - 2 throwing nets
Armour
 a - a +0 animal skin
 c - a +2 hat of stealth
 d - a +1 pair of boots (worn)
 m - a +2 helmet (worn)
 u - the +2 pair of gloves "Gohionge" (worn) {Fly rCorr}
   (You acquired it in a bailey)

   Fly:       It grants you flight.
   rCorr:     It protects you from acid and corrosion.
 B - the +4 ring mail of the Foremost Curses {Str+5}
   (You found it on level 6 of the Dungeon)

   Str+5:     It affects your strength (+5).
 E - +0 acid dragon scales (worn)
 I - a +0 cloak (worn)
Jewellery
 n - a ring of ice
 x - a ring of protection from cold (left hand)
 H - a ring of ice
Wands
 q - a wand of iceblast (12)
 r - a wand of mindburst (10)
 t - a wand of flame (18)
 v - a wand of charming (8)
 A - a wand of digging (4)
Scrolls
 h - 3 scrolls of teleportation
 o - 2 scrolls of silence
 y - 3 scrolls of poison
 C - 4 scrolls of revelation
 F - 4 scrolls of identify
 J - a scroll of amnesia
Potions
 b - 2 potions of magic
 f - 2 potions of enlightenment
 g - a potion of cancellation {unknown}
 i - 3 potions of lignification
 k - 3 potions of heal wounds
 l - 5 potions of curing
 s - a potion of haste
 w - a potion of brilliance
 z - 2 potions of attraction
 D - a potion of resistance
 G - 2 potions of might


   Skills:
 - Level 6.1 Fighting
 - Level 4.7 Maces & Flails
 - Level 6.6 Armour
 - Level 4.5 Dodging
 - Level 2.1 Stealth
 + Level 7.1 Spellcasting
 + Level 8.2 Conjurations
 + Level 3.1 Ice Magic
 - Level 1.0 Air Magic
 + Level 9.6 Earth Magic
 + Level 8.6 Alchemy
 - Level 3.1 Evocations


You had 7 spell levels left.
You knew the following spells:

 Your Spells              Type           Power      Damage    Failure   Level
a - Sandblast             Erth           96%        2d20      1%          1
b - Stone Arrow           Conj/Erth      90%        3d12      1%          3
c - Irradiate             Conj/Alch      21%        3d18      3%          5
d - Mephitic Cloud        Conj/Alch/Air  32%        N/A       1%          3
e - Frozen Ramparts       Ice            40%        1d7       2%          3
f - Passwall              Erth           48%        N/A       1%          3

Your spell library contained the following spells:

 Spells                   Type           Power      Damage    Failure   Level
 Magic Dart               Conj           100%       1d8       1%          1
 Searing Ray              Conj           84%        2d7       1%          2
 Dazzling Flash           Conj/Hex       48%        N/A       1%          3
 Brom's Barrelling Bould  Conj/Erth      45%        2d6       1%          4
 Fulminant Prism          Conj/Alch      21%        3d12      1%          4
 Petrify                  Alch/Erth      45%        N/A       2%          4
 Summon Small Mammal      Summ           28%        N/A       12%         1
 Arcjolt                  Conj/Air       13%        1d23      13%         5
 Animate Armour           Summ/Erth      54%        N/A       17%         4
 Lesser Beckoning         Tloc           14%        N/A       19%         2
 Call Canine Familiar     Summ           7%         N/A       36%         3
 Gell's Gravitas          Tloc           7%         N/A       36%         3
 Teleport Other           Tloc           7%         N/A       36%         3
 Vhi's Electric Charge    Tloc/Air       18%        N/A       69%         4
 Summon Blazeheart Golem  Fire/Summ      7%         N/A       77%         4
 Silence                  Hex/Air        4%         N/A       95%         5
 Plasma Beam              Fire/Air       4%         2x1d14    97%         6
 Curse of Agony           Necr           7%         N/A       98%         5
 Lehudib's Crystal Spear  Conj/Erth      22%        10d6      99%         8
 Sublimation of Blood     Necr           Unusable   N/A       N/A         2

Dungeon Overview and Level Annotations

Branches:
Dungeon (11/15)            Temple (1/1) D:4            Lair (0/5) D:11
    Orc (0/2) D:10         Bailey (visited)

Altars:
Ashenzari
Cheibriados
Dithmenos
Elyvilon
Fedhas
Gozag
Hepliaklqana
Kikubaaqudgha
Makhleb
Nemelex Xobeh
Okawaru
Qazlal
Ru
Sif Muna
Trog
Uskayaw
Vehumet
Wu Jian
Xom
Yredelemnul
Zin
The Shining One

Shops:
D:9 [

Portals:
Trove: D:10 (give 11 potions of heal wounds)

Annotations:
D:4 2 transporters, Natasha


Innate Abilities, Weirdness & Mutations

You are immune to sickness and miasma.
Your stone body is resilient. (AC +8)
You are immune to poison.
You resist negative energy. (rN+)
You are resistant to electric shocks. (rElec)
You are resistant to unholy torment.
You are immune to petrification.


Message History

You start resting.
An orc knight comes into view. It is wielding a +2 heavy battleaxe.
An orc knight is nearby!
An orc knight is nearby!
Casting: Stone Arrow (safe; 1% risk of failure)
Confirm with . or Enter, or press ? or * to list all spells.
Casting: Frozen Ramparts (mildly dangerous; 2% risk of failure)
Press: ? - help, Dir - look around, f - activate The walls around you are covered in ice.
The wall freezes the orc knight but does no damage.
Casting: Frozen Ramparts (mildly dangerous; 2% risk of failure)
Confirm with . or Enter, or press ? or * to list all spells.
Aiming: Mephitic Cloud (safe; 1% risk of failure)
Press: ? - help, Shift-Dir - straight line, f - orc knight
Aim: an orc knight, wielding a +2 heavy battleaxe and wearing a +0 plate armour (chance to affect: 58%)
The ball explodes into a vile cloud!
The stinking cloud engulfs the orc knight.
The stinking cloud engulfs you.
The orc knight is engulfed in noxious fumes.
The wall freezes the orc knight but does no damage.
The orc knight hits you with a +2 heavy battleaxe!
* * * LOW HITPOINT WARNING * * *
Casting: Mephitic Cloud (safe; 1% risk of failure)
Confirm with . or Enter, or press ? or * to list all spells.
You don't have enough magic to cast this spell.
Unknown command.
You barely miss the orc knight. You closely miss the orc knight.
The orc knight is engulfed in noxious fumes.
The orc knight appears confused.
The wall freezes the orc knight but does no damage.
The orc knight is engulfed in noxious fumes.
The orc knight appears confused.
The wall freezes the orc knight.
You barely miss the orc knight.
You punch the orc knight, but do no damage.
The orc knight is lightly wounded.
The orc knight is engulfed in noxious fumes.
The wall freezes the orc knight but does no damage.
The orc knight hits you with a +2 heavy battleaxe!!
You die... ch

##..'.......... .#
##.#....[[.... ###
###....#[.[.. $.$
##...#...[. #.# #...##....
## ##.## #...###... '####
§.☼ ###......... #...# #o#
#........... #...# ##@##
#........... #...## #$..#
##..######### #....##
##.####...# #.. #.....#
#######'###..>.# ##..
#.....####....##.#......###
#...
#...................##'##.##
####
#...................#......#
#.
....................#.)....#
#.
....................#......#
#.


You could see an orc knight (confused).

Vanquished Creatures
  Gastronok (D:9)
  A hydra (D:11)
  A centaur warrior (D:11)
  4 two-headed ogres
  An orc high priest (Bailey)
  Pikel (D:7)
  An orc sorcerer (Bailey)
  An ugly thing (D:11)
  A manticore (D:11)
  2 cyclopes
  2 centaur zombies (D:10)
  An unseen horror (D:11)
  Jeremiah (D:7)
  2 unseen horror zombies (D:10)
  5 trolls
  Grinder (D:5)
  A hornet (D:8)
  Sigmund (D:2)
  2 vampires (D:9)
  3 wraiths
  2 shadows (D:9)
  2 wyverns
  Eustachio (D:5)
  7 yaks
  2 vampire mosquitoes (D:11)
  2 acid dragons
  A water moccasin (D:8)
  4 ice beasts
  A sky beast (D:7)
  15 orc warriors
  3 black bears
  2 wolves (D:11)
  4 centaurs
  3 ogres
  2 lemures (D:7)
  A phantom (D:7)
  Blork the orc (D:5)
  A gnoll sergeant (D:10)
  A scorpion (D:4)
  7 killer bees
  4 bombardier beetles
  5 electric eels
  4 hounds
  2 jellies
  A gnoll bouda (D:9)
  5 orc priests
  3 sleepcaps
  Natasha (twice) (D:4)
  6 orc wizards
  2 iguanas
  A howler monkey zombie (D:10)
  Robin (D:2)
  13 gnolls
  2 adders (D:2)
  A white imp (D:6)
  2 ribbon worms
  A dart slug (D:2)
  37 orcs
  5 ball pythons
  4 bats
  6 endoplasms
  4 giant cockroaches
  24 goblins
  21 hobgoblins
  7 kobolds
  4 quokkas
  A frilled lizard (D:2)
  7 rats
270 creatures vanquished.

Notes
Turn   | Place    | Note
-------+----------+-------------------------------------------
     0 | D:1      | Ijustatesigmund the Gargoyle Earth Elementalist began the
                  | quest for the Orb.
     0 | D:1      | Reached XP level 1. HP: 10/10 MP: 3/3
   146 | D:1      | Reached XP level 2. HP: 16/16 MP: 5/5
   261 | D:1      | Reached skill level 1 in Fighting
   535 | D:1      | Reached skill level 4 in Earth Magic
   692 | D:1      | Reached XP level 3. HP: 20/20 MP: 6/6
   861 | D:2      | Noticed Sigmund
   871 | D:1      | HP: 1/20 [frozen (4)]
  1132 | D:2      | Found a burning altar of Makhleb.
  1201 | D:2      | Killed Sigmund
  1202 | D:2      | Reached XP level 4. HP: 7/27 MP: 1/8
  1202 | D:2      | Reached XP level 5. HP: 8/31 MP: 1/9
  1948 | D:2      | Identified the +11 rapier of the Manifold Orbs {flame,
                  | rPois rC- Str+5}
  1962 | D:2      | Learned a level 3 spell: Stone Arrow
  1987 | D:2      | Reached skill level 5 in Earth Magic
  1987 | D:2      | Reached XP level 6. HP: 35/36 MP: 10/10
  1994 | D:2      | Noticed Robin
  2155 | D:2      | Killed Robin
  3496 | D:4      | Noticed a black bear
  3505 | D:4      | Killed a black bear
  3515 | D:4      | Found a transporter.
  3738 | D:4      | Noticed a kobold demonologist
  3826 | D:4      | Noticed Natasha
  3835 | D:4      | Reached XP level 7. HP: 37/41 MP: 5/12
  3837 | D:4      | Killed Natasha
  3890 | D:4      | Identified the +2 scale mail of Shielding {rPois}
  4073 | D:4      | Noticed Natasha
  4077 | D:4      | Killed Natasha
  4150 | D:4      | Found a transporter.
  4239 | D:4      | Found a staircase to the Ecumenical Temple.
  4473 | Temple   | Entered the Ecumenical Temple
  4486 | Temple   | Became a worshipper of Vehumet
  4528 | D:5      | Entered Level 5 of the Dungeon
  4545 | D:5      | Noticed Blork the orc
  4555 | D:5      | Killed Blork the orc
  4558 | D:5      | Reached skill level 6 in Earth Magic
  4746 | D:5      | Noticed Eustachio
  4749 | D:5      | Killed Eustachio
  4750 | D:5      | Reached XP level 8. HP: 48/48 MP: 7/14
  4853 | D:5      | Reached skill level 5 in Conjurations
  4935 | D:5      | Learned a level 5 spell: Irradiate
  4937 | D:5      | Reached skill level 1 in Alchemy
  4988 | D:5      | Found a glowing golden altar of the Shining One.
  4988 | D:5      | Found a glowing silver altar of Zin.
  5431 | D:5      | Noticed Grinder
  5455 | D:5      | Killed Grinder
  5471 | D:4      | Noticed Natasha
  6174 | D:6      | Reached XP level 9. HP: 20/53 MP: 9/16
  6446 | D:6      | Reached skill level 5 in Alchemy
  6987 | D:6      | Identified the +4 ring mail of the Foremost Curses {Str+5}
  7070 | D:6      | Found a sparkling altar of Nemelex Xobeh.
  7087 | D:6      | Reached skill level 1 in Armour
  7746 | D:7      | Found a flagged portal.
  7756 | Bailey   | Entered a bailey
  7825 | Bailey   | Reached * piety under Vehumet
  7825 | Bailey   | Offered knowledge of Sting by Vehumet.
  8003 | Bailey   | Noticed an orc sorcerer
  8004 | Bailey   | Paralysed by an orc sorcerer for 4 turns
  8010 | Bailey   | Killed an orc sorcerer
  8016 | Bailey   | Reached skill level 5 in Armour
  8335 | Bailey   | Found an iron altar of Okawaru.
  8474 | Bailey   | Noticed an orc high priest
  8476 | Bailey   | Noticed a soul eater
  8654 | Bailey   | Noticed a red devil
  8654 | Bailey   | Noticed a rust devil
  8662 | Bailey   | Killed an orc high priest
  8663 | Bailey   | Reached XP level 10. HP: 52/58 MP: 17/17
  8719 | Bailey   | Identified the +3 shortbow "Jotaf" {antimagic, rElec rF+
                  | Int+3 Dex-2}
  9243 | Bailey   | Reached skill level 5 in Fighting
  9250 | Bailey   | Acquired the +2 pair of gloves "Gohionge" {Fly rCorr}
  9406 | D:7      | Reached ** piety under Vehumet
  9406 | D:7      | Offered knowledge of Foxfire by Vehumet.
  9413 | D:7      | Noticed Jeremiah
  9426 | D:7      | Killed Jeremiah
  9427 | D:7      | Reached skill level 1 in Evocations
  9616 | D:7      | Noticed Pikel
  9634 | D:7      | Killed Pikel
  9635 | D:7      | Reached skill level 5 in Spellcasting
  9635 | D:7      | Reached skill level 7 in Earth Magic
 11161 | D:8      | Reached XP level 11. HP: 64/64 MP: 15/19
 11165 | D:8      | Learned a level 3 spell: Mephitic Cloud
 11328 | D:8      | Noticed a cyclops
 11630 | D:8      | Killed a cyclops
 11631 | D:8      | Reached skill level 8 in Earth Magic
 12128 | D:9      | Reached skill level 1 in Air Magic
 12468 | D:9      | Offered knowledge of Scorch by Vehumet.
 12519 | D:9      | Noticed Gastronok
 12532 | D:9      | Killed Gastronok
 12642 | D:9      | Noticed a two-headed ogre
 12662 | D:9      | Killed a two-headed ogre
 13003 | D:9      | Found Toegi's Armour Boutique.
 13176 | D:10     | Entered Level 10 of the Dungeon
 13310 | D:9      | Reached *** piety under Vehumet
 13944 | D:10     | Found a staircase to the Orcish Mines.
 14250 | D:10     | Found a portal to a secret trove of treasure.
 14418 | D:11     | Offered knowledge of Frozen Ramparts by Vehumet.
 14602 | D:11     | Noticed a cyclops
 14612 | D:11     | Killed a cyclops
 14613 | D:11     | Reached XP level 12. HP: 70/70 MP: 11/21
 14617 | D:11     | Learned a level 3 spell: Frozen Ramparts
 14621 | D:11     | Learned a level 3 spell: Passwall
 14688 | D:11     | Noticed a two-headed ogre
 14699 | D:11     | Killed a two-headed ogre
 14716 | D:11     | Reached skill level 1 in Ice Magic
 14887 | D:11     | Found a staircase to the Lair.
 14961 | D:11     | Noticed a two-headed ogre
 14967 | D:11     | Killed a two-headed ogre
 14968 | D:11     | Reached skill level 9 in Earth Magic
 15337 | D:11     | Noticed a centaur warrior
 15360 | D:11     | Noticed a tengu warrior
 15695 | D:11     | Noticed a two-headed ogre
 15702 | D:11     | Killed a two-headed ogre
 15702 | D:11     | Reached **** piety under Vehumet
 15705 | D:11     | Killed a centaur warrior
 15727 | D:11     | Noticed a seven-headed hydra
 15732 | D:11     | Killed a seven-headed hydra
 15741 | D:11     | Mangled by an orc knight

Illustrated notes

Levels and vault maps discovered:
D:1:      dpeg_arrival_water_temple_mockup, layout_basic, nicolae_titane
D:2:      wander_river, layout_rooms, basic_altar,
          chequers_serial_rivers_large_b, serial_bayou_crossing, uniq_robin,
          uniq_sigmund
D:3:      layout_basic, minivault_5, minivault_14
D:4:      gammafunk_wand_slinger, layout_basic, minmay_temple_entry_mini_moons,
          uniq_natasha
D:5:      layout_basic, gammafunk_temple_overflow_elements, uniq_grinder,
          uniq_eustachio, uniq_blork_the_orc
D:6:      layout_loops_ring, nemelex_dance_club_becter
D:7:      layout_gridville, enter_bailey_4, uniq_jeremiah, uniq_pikel
D:8:      layout_layer_cave, minmay_crystal_water
D:9:      layout_roguey, serial_shops, nicolae_shop_tiny_waterfront,
          bh_walls_and_bars, uniq_gastronok
D:10:     layout_rooms, orc_0_dummy, serial_undead, serial_undead_f,
          serial_undead_c, serial_undead_f, serial_undead_f, serial_undead_f,
          enter_trove_6, nicolae_hexahallways, minivault_27
D:11:     hangedman_cross_veins, layout_gridville, erik_lair_orcish_takeover
Temple:   compressed_dpeg_triangle_lava_temple

Skill      XL: |  1  2  3  4  5  6  7  8  9 10 11 12 |
---------------+-------------------------------------+-----
Fighting       | 1 2 3 4 6 |  6.1
Earth Magic    | 4 5 6 7 8 9 |  9.6
Conjurations   | 3 4 5 6 7 8 |  8.2
Spellcasting   | 3 4 5 6 7 |  7.1
Alchemy        | 4 7 8 |  8.6
Armour         | 6 |  6.6
Evocations     | 2 3 |  3.1
Dodging        | 4 |  4.5
Air Magic      | 1 |  1.0
Maces & Flails | 4 |  4.7
Ice Magic      | 3 |  3.1
Stealth        | |  2.1

Action                     |  1- 3 |  4- 6 |  7- 9 | 10-12 || total
---------------------------+-------+-------+-------+-------++-------
  Melee: Long sword        |    51 |    43 |       |       ||    94
         Punch             |     1 |       |     2 |     7 ||    10
         Rapier            |       |    28 |    83 |   162 ||   273
         Morningstar       |       |       |       |   177 ||   177
   Cast: Sandblast         |    10 |    34 |    13 |     8 ||    65
         Stone Arrow       |       |     2 |    63 |    68 ||   133
         Irradiate         |       |       |       |    16 ||    16
         Mephitic Cloud    |       |       |       |    14 ||    14
         Frozen Ramparts   |       |       |       |     6 ||     6
  Evoke: Wand              |       |       |     3 |    22 ||    25
    Use: Scroll            |     3 |     3 |    11 |    11 ||    28
         Potion            |     1 |       |     3 |     2 ||     6
   Stab: Sleeping          |       |     1 |       |     1 ||     2
         Confused          |       |       |       |     7 ||     7
 Armour: Robe              |    30 |    40 |       |       ||    70
         Animal skin       |       |    53 |    34 |       ||    87
         Ring mail         |       |       |    37 |   182 ||   219
         Acid dragon scale |       |       |       |   397 ||   397
  Dodge: Dodged            |    35 |    50 |    65 |   286 ||   436
